 Dungeon Crawl Stone Soup version 0.18.1-1-g2f07953 (webtiles) character file.

147 IcyTea the Charlatan (level 5, -4/29 HPs)
             Began as a Tengu Artificer on May 7, 2016.
             Engulfed by a cloud of steam (9 damage)
             ... in a sewer.
             The game lasted 00:09:14 (1950 turns).

IcyTea the Charlatan (Tengu Artificer)              Turns: 1950, Time: 00:09:14

Health: -4/29      AC:  6    Str: 12    XL:     5   Next: 29%
Magic:  9/9        EV: 11    Int: 12    God:
Gold:   61         SH:  0    Dex: 15    Spells: 0 memorised, 4 levels left

rFire  . . .     SeeInvis .     a - +1 short sword
rCold  + . .     Gourm    .     k - +0 ring mail
rNeg   . . .     Faith    .     (no shield)
rPois  .         Spirit   .     i - +1 hat
rElec  .         Dismiss  .     (no cloak)
rCorr  .         Reflect  .     (no gloves)
SustAt .         Harm     .     (boots unavailable)
MR     .....                    g - amulet of regeneration
Stlth  +.........               (no ring)
                                h - ring of protection from cold

@: not resistant to hostile enchantments, very unstealthy
A: beak, talons 3, able to fly 1
a: Fly


You were in a sewer.
You were very hungry.

You visited 1 branch of the dungeon, and saw 3 of its levels.
You also visited: Sewer.

You collected 61 gold pieces.

Inventory:

Hand Weapons
 a - a +1 short sword (weapon)
Armour
 i - a +1 hat (worn)
 k - a +0 ring mail (worn)
Jewellery
 g - an amulet of regeneration (around neck)
 h - a ring of protection from cold (left hand)
 j - an uncursed ring of see invisible {unknown}
 m - an uncursed ring of see invisible {unknown}
Wands
 c - a wand of flame (46/48)
 d - a wand of enslavement (15/24)
 e - a wand of random effects (14/48)
Comestibles
 f - a bread ration
 l - a meat ration


   Skills:
 - Level 1.0 Fighting
 - Level 1.1 Short Blades
 - Level 2.4 Armour
 - Level 2.1 Dodging
 - Level 1.0 Stealth
 + Level 5.2 Evocations


You had 4 spell levels left.
You didn't know any spells.

Dungeon Overview and Level Annotations

Branches:
Dungeon (3/15)

Altars:
Fedhas


Innate Abilities, Weirdness & Mutations

You have a beak for a mouth.
You have claws for feet.
You can fly.


Message History

The puff of flame hits the river rat.
The river rat is severely wounded.
This wand has 47 charges left.
The river rat is engulfed in a cloud of scalding steam.
The river rat bites you but does no damage. x2
Evoke which item? (* to show all) (? for menu, Esc to quit)
Zapping:
c - a wand of flame (47/48)
Press: ? - help, Shift-Dir - straight line, f - river rat, p - river rat
Aim: a river rat The puff of flame misses the river rat.
The puff of flame misses the rat.
This wand has 46 charges left.
The rat is engulfed in a cloud of scalding steam.
You kill the rat!
The rat twitches its whiskers.
The river rat is engulfed in a cloud of scalding steam.
You kill the river rat!
The river rat is engulfed in a cloud of scalding steam.
You kill the river rat!
You are engulfed in a cloud of scalding steam.
You die...

#.....# #....## #....##
#.....# ##..r.##
#.....#####################
#......≈≈§§≈≈≈≈≈≈≈≈≈≈≈≈≈≈..
##.....r≈≈§≈≈≈≈≈≈≈≈≈≈≈≈≈...
#.....§§§@≈≈†≈≈≈≈≈≈≈≈≈≈..∩
##....r≈≈≈≈≈≈†≈≈≈≈≈≈≈≈≈≈.∩
##....≈≈≈≈≈≈≈≈≈≈≈≈≈≈≈≈...
###..≈≈≈≈≈≈≈≈≈≈≈≈≈≈≈≈≈..
######################


You could see a river rat (paralysed) and 2 rats.

Vanquished Creatures
  4 adders
  2 river rats (Sewer)
  2 oozes
  2 dart slugs
  2 giant geckos
  2 ball pythons
  2 giant cockroaches
  7 goblins
  10 hobgoblins
  14 jackals
  A quokka (D:3)
  7 bats
  2 giant newts
  5 kobolds
  9 rats
71 creatures vanquished.

Notes
Turn   | Place    | Note
--------------------------------------------------------------
     0 | D:1      | IcyTea the Tengu Artificer began the quest for the Orb.
     0 | D:1      | Reached XP level 1. HP: 12/12 MP: 4/4
    61 | D:1      | Reached skill level 1 in Armour
   248 | D:1      | Reached XP level 2. HP: 16/16 MP: 5/5
   508 | D:1      | Reached XP level 3. HP: 12/20 MP: 6/6
   896 | D:2      | Found a blossoming altar of Fedhas.
  1046 | D:2      | Reached skill level 4 in Evocations
  1046 | D:2      | Reached XP level 4. HP: 25/25 MP: 6/8
  1811 | D:3      | Found a glowing drain.
  1820 | Sewer    | Entered a sewer
  1853 | Sewer    | Gained mutation: You can fly. [Tengu growth]
  1853 | Sewer    | Reached XP level 5. HP: 28/29 MP: 9/9
  1925 | Sewer    | Reached skill level 5 in Evocations
  1950 | Sewer    | Engulfed by a cloud of steam

Skill      XL: |  1  2  3  4  5 |
---------------+----------------+-----
Armour         | 1 2 |  2.4
Evocations     | 4 5 |  5.2
Fighting       | |  1.0
Short Blades   | |  1.1
Dodging        | |  2.1
Stealth        | |  1.0

Action                   |  1- 3 |  4- 6 || total
-------------------------+-------+-------++-------
Melee: Short sword       |   100 |   148 ||   248
       Kick              |    16 |    31 ||    47
       Peck              |     8 |    22 ||    30
 Abil: Fly               |       |     2 ||     2
Evoke: Wand              |       |     3 ||     3
  Use: Scroll            |     2 |     4 ||     6
       Potion            |       |     2 ||     2
 Stab: Sleeping          |     3 |       ||     3
  Eat: Chunk             |       |     3 ||     3
Armor: Leather armour    |    25 |       ||    25
       Ring mail         |    10 |    63 ||    73
Dodge: Dodged            |    72 |   103 ||   175
